Stars vs Blues
Created - December 30, 2017 at 19:22
Goals
|
| Stars |
1 |
3 |
1 |
5 |
| Blues |
1 |
1 |
1 |
3 |
|
Shots
|
| Stars |
8 |
18 |
6 |
32 |
| Blues |
5 |
9 |
9 |
23 |
|
1st period
1. Blues , Logan Couture 5 (Jake Gardiner 19, Chris Higgins 9) at 8:04
2. Stars , Evgeny Artyukhin 3 (Matt Cooke 5, Jussi Jokinen 15) at 10:58
Penalties :
Ryan Getzlaf (Dal) for Tripping (Minor) at 4:07, John Tavares (Dal) for Holding (Minor) at 11:15, Tuukka Rask (STL) for Slashing (Minor) at 14:42 - Drew Fata served the penalty, Taylor Hall (STL) for Hooking (Minor) at 18:15
2nd period
3. Stars , Michael Frolik 20 (Jussi Jokinen 16) at 6:13
4. Stars , Daniel Cleary 3 (Dustin Penner 3, Johnny Oduya 7) at 13:34
5. Blues , Alex Pietrangelo 9 (David Perron 15, Travis Zajac 14) at 13:46
6. Stars , John Tavares 18 (Michael Frolik 23, Trevor Daley 8) at 15:32 (PP)
Penalties :
Radim Vrbata (Dal) for High sticking (Double Minor) at 5:07, Victor Hedman (STL) for Tripping (Minor) at 5:19, Tomas Plekanec (STL) for Interference (Minor) at 11:01, Taylor Hall (STL) for Holding (Minor) at 14:01
3rd period
7. Blues , Patrick Kaleta 5 (Chris Higgins 10, Logan Couture 7) at 6:40
8. Stars , Evgeny Artyukhin 4 (Radim Vrbata 16, Matt Cooke 6) at 19:20
Penalties :
Sergei Shirokov (STL) for Roughing (Minor) at 3:22, Yann Sauvé (STL) for Holding Stick (Minor) at 14:34
Goalie Stats
Pascal Leclaire (Dal), 20 saves from 23 shots - (0.870), W, 13-11-2, 60:00 minutes
Tuukka Rask (STL), 27 saves from 32 shots - (0.844), L, 13-11-2, 60:00 minutes
Players Stats for Stars
Player Name G A P +/- PIM S H SB GA TA FO MP PP MP PK MP
------------------------------------------------------------------------------------
Andrei Markov 0 0 0 0 0 1 1 0 0 2 0/0 18:26 3:27 2:45
Brian Flynn 0 0 0 -1 0 0 1 1 0 0 1/4 9:09 0:00 1:54
Brian Lee 0 0 0 1 0 2 2 0 2 1 0/0 26:47 7:59 0:00
Daniel Cleary 1 0 1 -1 0 3 0 0 0 0 0/0 11:06 0:00 3:05
Dustin Penner 0 1 1 -1 0 0 1 0 0 0 0/1 10:30 0:02 2:23
Evgeny Artyukhin 2 0 2 2 0 3 1 1 0 0 0/0 9:28 0:00 0:56
John Tavares 1 0 1 -1 2 4 2 0 1 0 10/26 21:06 7:16 0:00
Johnny Oduya 0 1 1 0 0 1 1 0 0 0 0/0 17:04 0:20 3:13
Jussi Jokinen 0 2 2 1 0 3 2 0 1 0 0/0 15:34 4:10 0:18
Matt Cooke 0 2 2 2 0 0 0 0 0 0 0/0 9:21 0:02 0:15
Michael Frolik 1 1 2 1 0 6 0 0 1 0 0/0 18:48 7:14 0:00
Radim Vrbata 0 1 1 0 4 2 3 1 0 1 0/1 17:35 4:10 0:00
Raphael Diaz 0 0 0 1 0 2 0 1 0 0 0/0 18:13 2:36 2:45
Rickard Wallin 0 0 0 1 0 1 1 0 1 0 3/8 11:01 0:00 3:05
Ryan Getzlaf 0 0 0 0 2 0 1 0 0 0 8/14 14:55 4:10 0:00
Scott Hartnell 0 0 0 -1 0 2 0 0 1 0 0/2 21:59 7:14 0:00
Shaone Morrisonn 0 0 0 0 0 1 0 1 0 0 0/0 14:47 0:00 3:13
Trevor Daley 0 1 1 0 0 1 1 1 0 0 1/3 26:11 8:30 0:00
Players Stats for Blues
Player Name G A P +/- PIM S H SB GA TA FO MP PP MP PK MP
------------------------------------------------------------------------------------
Alex Pietrangelo 1 0 1 0 0 1 3 2 1 1 0/0 21:53 2:31 1:33
Bryce Lampman 0 0 0 0 0 2 3 4 0 0 0/0 24:42 2:39 7:20
Chris Higgins 0 2 2 2 0 2 2 0 0 1 0/0 10:18 0:00 0:52
David Perron 0 1 1 1 0 1 1 0 1 0 1/1 12:17 2:09 0:00
Drew Fata 0 0 0 2 0 2 0 0 0 0 0/0 23:42 1:18 6:06
Drew Stafford 0 0 0 -1 0 1 0 0 0 0 1/1 9:32 0:00 3:11
Jake Gardiner 0 1 1 2 0 0 0 2 0 1 0/0 22:51 3:19 4:06
Linus Omark 0 0 0 -1 0 1 0 0 0 0 0/0 6:31 0:21 0:00
Logan Couture 1 1 2 2 0 1 3 0 0 0 3/7 12:23 0:00 3:11
Marian Hossa 0 0 0 -2 0 0 1 1 0 0 0/0 17:37 2:31 0:00
Nicklas Backstrom 0 0 0 -2 0 4 2 1 0 1 16/23 19:51 2:31 1:31
Patrick Kaleta 1 0 1 2 0 1 0 2 0 0 0/3 16:22 0:00 6:55
Sergei Shirokov 0 0 0 1 2 1 2 0 0 0 0/0 11:56 2:09 0:00
Taylor Hall 0 0 0 -3 4 1 1 1 0 2 0/0 20:07 3:28 0:00
Tomas Plekanec 0 0 0 -1 2 2 0 0 0 1 2/4 6:40 0:09 0:00
Travis Zajac 0 1 1 0 0 2 1 0 0 0 13/20 21:12 3:18 7:12
Victor Hedman 0 0 0 -2 2 1 1 1 2 0 0/0 14:38 3:26 0:48
Yann Sauvé 0 0 0 -4 2 0 0 2 0 0 0/0 13:57 0:00 2:59
3 Stars
1 - Evgeny Artyukhin (Dal)
2 - Logan Couture (STL)
3 - Chris Higgins (STL)
Power Play
Stars - 1 on 7 Attempt(s) - 14.29%
Blues - 0 on 4 Attempt(s) - 0.00%
Penalty Kill
Stars - 4 on 4 Attempt(s) - 100.00%
- Score 0 goal in Penalty Kill
Blues - 6 on 7 Attempt(s) - 85.71%
- Score 0 goal in Penalty Kill
Team Stat
Stars - Hits : 17 - Faceoff Wins : 23 - Blocked Shots : 6 - Penalty Minutes : 8
Blues - Hits : 20 - Faceoff Wins : 36 - Blocked Shots : 16 - Penalty Minutes : 14
Official
Referees : Auger Stephane and Meier Brad
Linesman : Tony Sericolo and Derek Amell
Game Notes
No Game Note
Finance
Level 1 -- Attendance: 5401 (90.02%) -- Ticket Income $480,689
Level 2 -- Attendance: 4538 (90.76%) -- Ticket Income $258,666
Level 3 -- Attendance: 2000 (100.00%) -- Ticket Income $70,000
Level 4 -- Attendance: 4000 (100.00%) -- Ticket Income $96,000
Luxury Box -- Attendance: 721 (72.10%) -- Ticket Income $125,454
Game was played at the Scotttrade center.
Total Attendance: 16660 (92.56%)
Total Ticket Income: $1,030,809
Other Income: $154,621
Total Income: $1,185,430
Stars
5 vs 5 Forward
Center Left Wing Right Wing Time % Phy DF OF
1 John Tavares Scott Hartnell Radim Vrbata 39 0 1 4
2 Ryan Getzlaf Jussi Jokinen Michael Frolik 27 0 2 3
3 Rickard Wallin Matt Cooke Evgeny Artyukhin 21 1 2 2
4 Brian Flynn Dustin Penner Daniel Cleary 13 1 2 2
5 vs 5 Defense
Defense Defense Time % Phy DF OF
1 Trevor Daley Brian Lee 40 1 2 2
2 Johnny Oduya Andrei Markov 30 1 2 2
3 Raphael Diaz Shaone Morrisonn 30 1 2 2
4 Johnny Oduya Brian Lee 0 1 2 2
PowerPlay Forward
Center Left Wing Right Wing Time % Phy DF OF
1 John Tavares Scott Hartnell Michael Frolik 60 0 1 4
2 Ryan Getzlaf Jussi Jokinen Radim Vrbata 40 0 1 4
PowerPlay Defense
Defense Defense Time % Phy DF OF
1 Trevor Daley Brian Lee 60 0 2 3
2 Trevor Daley Andrei Markov 40 0 2 3
Penalty Kill 4 Players Forward
Center Wing Time % Phy DF OF
1 Rickard Wallin Daniel Cleary 60 0 3 2
2 Brian Flynn Dustin Penner 40 0 3 2
Penalty Kill 4 Players Defense
Defense Defense Time % Phy DF OF
1 Johnny Oduya Shaone Morrisonn 60 0 3 2
2 Raphael Diaz Andrei Markov 40 0 3 2
Penalty Kill - 3 Players Forward
Forward Time % Phy DF OF
1 Daniel Cleary 60 0 3 2
2 Matt Cooke 40 0 3 2
Penalty Kill - 3 Players Defense
Defense Defense Time % Phy DF OF
1 Johnny Oduya Brian Lee 60 1 2 2
2 Trevor Daley Andrei Markov 40 1 2 2
4 vs 4 Forward
Center Wing Time % Phy DF OF
1 Trevor Daley Scott Hartnell 60 1 2 2
2 Jussi Jokinen Michael Frolik 40 1 2 2
4 vs 4 Defense
Defense Defense Time % Phy DF OF
1 Johnny Oduya Brian Lee 60 1 2 2
2 Trevor Daley Andrei Markov 40 1 2 2
Last Minutes Offensive
Center Left Wing Right Wing Defense Defense
John Tavares Scott Hartnell Michael Frolik Trevor Daley Brian Lee
Last Minutes Defensive
Center Left Wing Right Wing Defense Defense
Ryan Getzlaf Matt Cooke Daniel Cleary Johnny Oduya Shaone Morrisonn
Goaltenders
Starting : Pascal Leclaire
Backup : Miika Kiprusoff
Extra Forwards
Normal : Matt Cooke, Dustin Penner, Radim Vrbata - PP : Matt Cooke, Dustin Penner - PK : Evgeny Artyukhin
Extra Defensemen
Normal : Raphael Diaz, Shaone Morrisonn, Trevor Daley - PP : Raphael Diaz - PK : Shaone Morrisonn, Trevor Daley
Penalty Shots
John Tavares, Scott Hartnell, Jussi Jokinen, Michael Frolik, Ryan Getzlaf
Scratches
Michal Handzus (Strained Groin Injury)
Blues
5 vs 5 Forward
Center Left Wing Right Wing Time % Phy DF OF
1 Nicklas Backstrom Taylor Hall Marian Hossa 40 1 2 2
2 Travis Zajac David Perron Sergei Shirokov 30 1 2 2
3 Logan Couture Chris Higgins Patrick Kaleta 20 1 2 2
4 Tomas Plekanec Linus Omark Drew Stafford 10 1 2 2
5 vs 5 Defense
Defense Defense Time % Phy DF OF
1 Alex Pietrangelo Bryce Lampman 40 1 2 2
2 Jake Gardiner Drew Fata 30 1 2 2
3 Victor Hedman Yann Sauvé 20 1 2 2
4 Alex Pietrangelo Drew Fata 10 1 2 2
PowerPlay Forward
Center Left Wing Right Wing Time % Phy DF OF
1 Nicklas Backstrom Taylor Hall Marian Hossa 60 1 2 2
2 Travis Zajac David Perron Sergei Shirokov 40 1 2 2
PowerPlay Defense
Defense Defense Time % Phy DF OF
1 Jake Gardiner Alex Pietrangelo 60 1 2 2
2 Bryce Lampman Victor Hedman 40 1 2 2
Penalty Kill 4 Players Forward
Center Wing Time % Phy DF OF
1 Travis Zajac Patrick Kaleta 60 1 2 2
2 Logan Couture Drew Stafford 40 1 2 2
Penalty Kill 4 Players Defense
Defense Defense Time % Phy DF OF
1 Drew Fata Bryce Lampman 60 1 2 2
2 Yann Sauvé Jake Gardiner 40 1 2 2
Penalty Kill - 3 Players Forward
Forward Time % Phy DF OF
1 Travis Zajac 60 1 2 2
2 Tomas Plekanec 40 1 2 2
Penalty Kill - 3 Players Defense
Defense Defense Time % Phy DF OF
1 Bryce Lampman Drew Fata 60 1 2 2
2 Alex Pietrangelo Jake Gardiner 40 1 2 2
4 vs 4 Forward
Center Wing Time % Phy DF OF
1 Travis Zajac Taylor Hall 60 1 2 2
2 Nicklas Backstrom David Perron 40 1 2 2
4 vs 4 Defense
Defense Defense Time % Phy DF OF
1 Victor Hedman Alex Pietrangelo 60 1 2 2
2 Drew Fata Jake Gardiner 40 1 2 2
Last Minutes Offensive
Center Left Wing Right Wing Defense Defense
Nicklas Backstrom Taylor Hall Marian Hossa Jake Gardiner Alex Pietrangelo
Last Minutes Defensive
Center Left Wing Right Wing Defense Defense
Travis Zajac David Perron Patrick Kaleta Bryce Lampman Drew Fata
Goaltenders
Starting : Tuukka Rask
Backup : Ray Emery
Extra Forwards
Normal : Patrick Kaleta, Drew Stafford, David Perron - PP : Linus Omark, Tomas Plekanec - PK : Nicklas Backstrom
Extra Defensemen
Normal : Jake Gardiner, Yann Sauvé, Drew Fata - PP : Drew Fata - PK : Alex Pietrangelo, Victor Hedman
Penalty Shots
David Perron, Marian Hossa, Logan Couture, Nicklas Backstrom, Sergei Shirokov
Scratches
Jamie Langenbrunner (Healthy), Marcel Hossa (Healthy)
% Time on Ice - Stars
Lines # - Real PCT - Wanted PCT - Time Play
Normal Forward
1 - 33% - 39% - 13:19
2 - 29% - 27% - 11:35
3 - 20% - 21% - 7:56
4 - 18% - 13% - 7:14
Normal Defense
1 - 41% - 40% - 16:28
2 - 30% - 30% - 11:57
3 - 29% - 30% - 11:28
4 - 0% - 0% - 0:11
PP Forward
1 - 64% - 60% - 7:16
2 - 36% - 40% - 4:10
PP Defense
1 - 70% - 60% - 7:59
2 - 30% - 40% - 3:27
PK Forward
1 - 68% - 60% - 4:04
2 - 32% - 40% - 1:54
PK Defense
1 - 54% - 60% - 3:13
2 - 46% - 40% - 2:45
PK3 Forward
1 - 0% - 60%
2 - 0% - 40%
PK3 Defense
1 - 0% - 60%
2 - 0% - 40%
44 Forward
1 - 81% - 60% - 1:36
2 - 19% - 40% - 0:23
44 Defense
1 - 86% - 60% - 1:42
2 - 14% - 40% - 0:17
Last Minute Offensive - 0:00
Last Minute Defensive - 0:33
Total
Forward - 60:00
Defense - 60:00
|
% Time on Ice - Blues
Lines # - Real PCT - Wanted PCT - Time Play
Normal Forward
1 - 37% - 40% - 14:58
2 - 25% - 30% - 9:54
3 - 23% - 20% - 9:01
4 - 15% - 10% - 6:10
Normal Defense
1 - 36% - 40% - 14:14
2 - 36% - 30% - 14:18
3 - 22% - 20% - 8:57
4 - 6% - 10% - 2:34
PP Forward
1 - 64% - 60% - 3:49
2 - 36% - 40% - 2:09
PP Defense
1 - 34% - 60% - 2:01
2 - 66% - 40% - 3:57
PK Forward
1 - 72% - 60% - 8:15
2 - 28% - 40% - 3:11
PK Defense
1 - 64% - 60% - 7:20
2 - 36% - 40% - 4:06
PK3 Forward
1 - 0% - 60%
2 - 0% - 40%
PK3 Defense
1 - 0% - 60%
2 - 0% - 40%
44 Forward
1 - 79% - 60% - 1:34
2 - 21% - 40% - 0:25
44 Defense
1 - 86% - 60% - 1:42
2 - 14% - 40% - 0:17
Last Minute Offensive - 0:34
Last Minute Defensive - 0:00
Total
Forward - 60:00
Defense - 60:00
|
Play by Play
1st period
0:01 of 1st period - Nicklas Backstrom wins face-off versus John Tavares in neutral zone.
0:37 of 1st period - Slapshot by David Perron.
0:37 of 1st period - Shot Blocked by Trevor Daley.
1:23 of 1st period - Snap shot by Drew Stafford.
1:23 of 1st period - Shot Misses the Net.
1:30 of 1st period - Icing by Johnny Oduya.
1:31 of 1st period - Nicklas Backstrom wins face-off versus John Tavares in Stars zone.
1:40 of 1st period - Wrist shot by Nicklas Backstrom.
1:40 of 1st period - Stopped by Pascal Leclaire without a rebound.
1:41 of 1st period - John Tavares wins face-off versus Travis Zajac in Stars zone.
1:46 of 1st period - Snap shot by John Tavares.
1:46 of 1st period - Shot Misses the Net.
1:48 of 1st period - Slapshot by Shaone Morrisonn.
1:48 of 1st period - Shot Misses the Net.
1:50 of 1st period - Slapshot by Shaone Morrisonn.
1:50 of 1st period - Shot Blocked by Alex Pietrangelo.
1:52 of 1st period - Slapshot by John Tavares.
1:52 of 1st period - Stopped by Tuukka Rask with a rebound.
1:54 of 1st period - Slapshot by Shaone Morrisonn.
1:54 of 1st period - Stopped by Tuukka Rask without a rebound.
1:55 of 1st period - Nicklas Backstrom wins face-off versus Rickard Wallin in Blues zone.
2:43 of 1st period - Slapshot by Tomas Plekanec.
2:43 of 1st period - Shot Blocked by Radim Vrbata.
2:48 of 1st period - Icing by Radim Vrbata.
2:49 of 1st period - Nicklas Backstrom wins face-off versus John Tavares in Stars zone.
3:20 of 1st period - Slapshot by Radim Vrbata.
3:20 of 1st period - Shot Blocked by Alex Pietrangelo.
3:22 of 1st period - Snap shot by Scott Hartnell.
3:22 of 1st period - Shot Misses the Net.
3:42 of 1st period - Slapshot by John Tavares.
3:42 of 1st period - Stopped by Tuukka Rask without a rebound.
3:43 of 1st period - Ryan Getzlaf wins face-off versus Patrick Kaleta in Blues zone.
3:44 of 1st period - Wrist shot by Michael Frolik.
3:44 of 1st period - Stopped by Tuukka Rask without a rebound.
3:45 of 1st period - Logan Couture wins face-off versus Ryan Getzlaf in Blues zone.
3:45 of 1st period - Logan Couture is hit by Andrei Markov.
4:07 of 1st period - Minor Penalty to Ryan Getzlaf for Tripping.
4:08 of 1st period - Nicklas Backstrom wins face-off versus Rickard Wallin in Stars zone.
5:04 of 1st period - Raphael Diaz is hit by Marian Hossa and loses puck.
6:07 of 1st period - Penalty to Ryan Getzlaf is over, Ryan Getzlaf is back on ice.
6:18 of 1st period - Radim Vrbata is hit by Chris Higgins and loses puck.
6:39 of 1st period - Slapshot by Michael Frolik.
6:39 of 1st period - Deflect By Jussi Jokinen.
6:39 of 1st period - Shot Misses the Net.
6:39 of 1st period - Puck is out of play.
6:40 of 1st period - Ryan Getzlaf wins face-off versus Tomas Plekanec in Blues zone.
6:45 of 1st period - Snap shot by Jussi Jokinen.
6:45 of 1st period - Stopped by Tuukka Rask without a rebound.
6:46 of 1st period - Tomas Plekanec wins face-off versus Ryan Getzlaf in Blues zone.
6:51 of 1st period - Wrist shot by Tomas Plekanec.
6:51 of 1st period - Stopped by Pascal Leclaire with a rebound.
7:23 of 1st period - Rickard Wallin is hit by Nicklas Backstrom.
7:52 of 1st period - Daniel Cleary is hit by Logan Couture.
8:02 of 1st period - Snap shot by Chris Higgins.
8:02 of 1st period - Shot Misses the Net.
8:04 of 1st period - Slapshot by Jake Gardiner.
8:04 of 1st period - Deflect By Logan Couture.
8:04 of 1st period - Deflect By Andrei Markov.
8:04 of 1st period - Goal by Logan Couture - Stars : 0 - Blues : 1.
8:05 of 1st period - Rickard Wallin wins face-off versus Nicklas Backstrom in neutral zone.
8:10 of 1st period - Wrist shot by Evgeny Artyukhin.
8:10 of 1st period - Shot Blocked by Bryce Lampman.
8:30 of 1st period - Radim Vrbata is hit by Sergei Shirokov and loses puck.
9:33 of 1st period - Slapshot by Evgeny Artyukhin.
9:33 of 1st period - Shot Misses the Net.
9:35 of 1st period - Snap shot by Evgeny Artyukhin.
9:35 of 1st period - Shot Blocked by Marian Hossa.
10:03 of 1st period - Alex Pietrangelo is hit by Radim Vrbata and loses puck.
10:58 of 1st period - Snap shot by Evgeny Artyukhin.
10:58 of 1st period - Goal by Evgeny Artyukhin - Stars : 1 - Blues : 1.
10:59 of 1st period - Travis Zajac wins face-off versus John Tavares in neutral zone.
11:15 of 1st period - Minor Penalty to John Tavares for Holding.
11:16 of 1st period - Nicklas Backstrom wins face-off versus Rickard Wallin in Stars zone.
11:50 of 1st period - Slapshot by Victor Hedman.
11:50 of 1st period - Shot Hit the Post.
11:56 of 1st period - Slapshot by David Perron.
11:56 of 1st period - Deflect By Sergei Shirokov.
11:56 of 1st period - Stopped by Pascal Leclaire with a rebound.
11:58 of 1st period - Wrist shot by Travis Zajac.
11:58 of 1st period - Shot Hit the Post.
12:14 of 1st period - David Perron is hit by Johnny Oduya and loses puck.
12:39 of 1st period - Andrei Markov is hit by Alex Pietrangelo and loses puck.
13:15 of 1st period - Penalty to John Tavares is over, John Tavares is back on ice.
14:31 of 1st period - John Tavares is hit by Alex Pietrangelo and loses puck.
14:42 of 1st period - Slapshot by Daniel Cleary.
14:42 of 1st period - Stopped by Tuukka Rask without a rebound.
14:42 of 1st period - Minor Penalty to Tuukka Rask for Slashing.
14:43 of 1st period - Travis Zajac wins face-off versus John Tavares in Blues zone.
14:43 of 1st period - Travis Zajac is hit by John Tavares.
16:11 of 1st period - Jake Gardiner is hit by John Tavares and loses puck.
16:42 of 1st period - Penalty to Drew Fata is over, Drew Fata is back on ice.
17:17 of 1st period - Wrist shot by Linus Omark.
17:17 of 1st period - Stopped by Pascal Leclaire without a rebound.
17:18 of 1st period - Rickard Wallin wins face-off versus Travis Zajac in Stars zone.
18:15 of 1st period - Minor Penalty to Taylor Hall for Hooking.
18:16 of 1st period - John Tavares wins face-off versus Travis Zajac in Blues zone.
18:22 of 1st period - Snap shot by John Tavares.
18:22 of 1st period - Shot Blocked by Bryce Lampman.
18:24 of 1st period - Wrist shot by John Tavares.
18:24 of 1st period - Stopped by Tuukka Rask with a rebound.
Goals for this period are 1 for Stars vs 1 for Blues.
Shots for this period are 8 for Stars vs 5 for Blues.
2nd period
0:01 of 2nd period - Travis Zajac wins face-off versus John Tavares in neutral zone.
0:04 of 2nd period - Slapshot by Bryce Lampman.
0:04 of 2nd period - Deflect By Travis Zajac.
0:04 of 2nd period - Stopped by Pascal Leclaire with a rebound.
0:06 of 2nd period - Wrist shot by Bryce Lampman.
0:06 of 2nd period - Shot Misses the Net.
0:08 of 2nd period - Slapshot by Drew Fata.
0:08 of 2nd period - Stopped by Pascal Leclaire without a rebound.
0:09 of 2nd period - Travis Zajac wins face-off versus John Tavares in Stars zone.
0:15 of 2nd period - Penalty to Taylor Hall is over, Taylor Hall is back on ice.
0:53 of 2nd period - Wrist shot by Evgeny Artyukhin.
0:53 of 2nd period - Shot Blocked by Yann Sauvé.
0:55 of 2nd period - Slapshot by Trevor Daley.
0:55 of 2nd period - Stopped by Tuukka Rask with a rebound.
1:07 of 2nd period - Snap shot by Chris Higgins.
1:07 of 2nd period - Stopped by Pascal Leclaire without a rebound.
1:08 of 2nd period - Logan Couture wins face-off versus Brian Flynn in Stars zone.
1:37 of 2nd period - Snap shot by Scott Hartnell.
1:37 of 2nd period - Stopped by Tuukka Rask with a rebound.
1:57 of 2nd period - Wrist shot by Jussi Jokinen.
1:57 of 2nd period - Stopped by Tuukka Rask without a rebound.
1:58 of 2nd period - David Perron wins face-off versus Ryan Getzlaf in Blues zone.
2:03 of 2nd period - Ryan Getzlaf is hit by Sergei Shirokov and loses puck.
3:06 of 2nd period - Trevor Daley is hit by Bryce Lampman.
3:16 of 2nd period - Scott Hartnell is hit by Bryce Lampman and loses puck.
3:54 of 2nd period - Dustin Penner is hit by Nicklas Backstrom and loses puck.
4:01 of 2nd period - Wrist shot by Nicklas Backstrom.
4:01 of 2nd period - Stopped by Pascal Leclaire without a rebound.
4:02 of 2nd period - Ryan Getzlaf wins face-off versus Nicklas Backstrom in Stars zone.
5:07 of 2nd period - Double Minor Penalty to Radim Vrbata for High sticking.
5:08 of 2nd period - Travis Zajac wins face-off versus Rickard Wallin in Stars zone.
5:16 of 2nd period - Slapshot by Daniel Cleary.
5:16 of 2nd period - Stopped by Tuukka Rask without a rebound.
5:17 of 2nd period - Travis Zajac wins face-off versus Rickard Wallin in Blues zone.
5:19 of 2nd period - Minor Penalty to Victor Hedman for Tripping.
5:20 of 2nd period - Trevor Daley wins face-off versus Travis Zajac in Blues zone.
6:00 of 2nd period - Taylor Hall is hit by Brian Lee and loses puck.
6:13 of 2nd period - Wrist shot by Michael Frolik.
6:13 of 2nd period - Goal by Michael Frolik - Stars : 2 - Blues : 1.
6:14 of 2nd period - Travis Zajac wins face-off versus Trevor Daley in neutral zone.
6:35 of 2nd period - Scott Hartnell is hit by David Perron and loses puck.
6:39 of 2nd period - Icing by Johnny Oduya.
6:40 of 2nd period - Nicklas Backstrom wins face-off versus Trevor Daley in Stars zone.
6:41 of 2nd period - Snap shot by David Perron.
6:41 of 2nd period - Shot Misses the Net.
6:49 of 2nd period - Jake Gardiner is hit by Trevor Daley and loses puck.
7:00 of 2nd period - Johnny Oduya is hit by Travis Zajac and loses puck.
7:19 of 2nd period - Penalty to Victor Hedman is over, Victor Hedman is back on ice.
7:21 of 2nd period - Dustin Penner is hit by Victor Hedman and loses puck.
7:58 of 2nd period - Wrist shot by Taylor Hall.
7:58 of 2nd period - Shot Blocked by Raphael Diaz.
8:04 of 2nd period - Slapshot by Rickard Wallin.
8:04 of 2nd period - Shot Misses the Net.
8:22 of 2nd period - Snap shot by Taylor Hall.
8:22 of 2nd period - Shot Misses the Net.
8:34 of 2nd period - Snap shot by Victor Hedman.
8:34 of 2nd period - Shot Misses the Net.
8:36 of 2nd period - Snap shot by Victor Hedman.
8:36 of 2nd period - Stopped by Pascal Leclaire without a rebound.
8:37 of 2nd period - Nicklas Backstrom wins face-off versus Brian Flynn in Stars zone.
9:07 of 2nd period - Penalty to Radim Vrbata is over, Radim Vrbata is back on ice.
9:24 of 2nd period - Slapshot by Scott Hartnell.
9:24 of 2nd period - Stopped by Tuukka Rask without a rebound.
9:25 of 2nd period - Ryan Getzlaf wins face-off versus Logan Couture in Blues zone.
9:36 of 2nd period - Wrist shot by Jussi Jokinen.
9:36 of 2nd period - Shot Blocked by Victor Hedman.
9:38 of 2nd period - Wrist shot by Brian Lee.
9:38 of 2nd period - Stopped by Tuukka Rask without a rebound.
9:39 of 2nd period - John Tavares wins face-off versus Logan Couture in Blues zone.
9:50 of 2nd period - John Tavares is hit by Logan Couture and loses puck.
10:18 of 2nd period - Wrist shot by Jussi Jokinen.
10:18 of 2nd period - Shot Misses the Net.
10:44 of 2nd period - Slapshot by Johnny Oduya.
10:44 of 2nd period - Deflect By Patrick Kaleta.
10:44 of 2nd period - Stopped by Tuukka Rask with a rebound.
10:46 of 2nd period - Backhand shot by Johnny Oduya.
10:46 of 2nd period - Shot Blocked by Jake Gardiner.
10:48 of 2nd period - Slapshot by Andrei Markov.
10:48 of 2nd period - Stopped by Tuukka Rask with a rebound.
10:50 of 2nd period - Slapshot by Andrei Markov.
10:50 of 2nd period - Deflect By Dustin Penner.
10:50 of 2nd period - Shot Blocked by Jake Gardiner.
10:50 of 2nd period - Puck is out of play.
10:51 of 2nd period - John Tavares wins face-off versus Tomas Plekanec in Blues zone.
11:01 of 2nd period - Minor Penalty to Tomas Plekanec for Interference.
11:02 of 2nd period - Travis Zajac wins face-off versus John Tavares in Blues zone.
11:37 of 2nd period - Slapshot by Brian Lee.
11:37 of 2nd period - Stopped by Tuukka Rask without a rebound.
11:38 of 2nd period - Ryan Getzlaf wins face-off versus Logan Couture in Blues zone.
11:57 of 2nd period - Jake Gardiner is hit by Radim Vrbata and loses puck.
13:01 of 2nd period - Penalty to Tomas Plekanec is over, Tomas Plekanec is back on ice.
13:30 of 2nd period - Snap shot by Brian Lee.
13:30 of 2nd period - Shot Blocked by Yann Sauvé.
13:32 of 2nd period - Wrist shot by Johnny Oduya.
13:32 of 2nd period - Shot Blocked by Nicklas Backstrom.
13:34 of 2nd period - Backhand shot by Dustin Penner.
13:34 of 2nd period - Deflect By Daniel Cleary.
13:34 of 2nd period - Goal by Daniel Cleary - Stars : 3 - Blues : 1.
13:35 of 2nd period - John Tavares wins face-off versus Travis Zajac in neutral zone.
13:46 of 2nd period - Slapshot by Alex Pietrangelo.
13:46 of 2nd period - Deflect By Scott Hartnell.
13:46 of 2nd period - Goal by Alex Pietrangelo - Stars : 3 - Blues : 2.
13:47 of 2nd period - John Tavares wins face-off versus Nicklas Backstrom in neutral zone.
13:52 of 2nd period - Snap shot by Nicklas Backstrom.
13:52 of 2nd period - Shot Misses the Net.
14:01 of 2nd period - Minor Penalty to Taylor Hall for Holding.
14:02 of 2nd period - Travis Zajac wins face-off versus John Tavares in Blues zone.
14:14 of 2nd period - Slapshot by Drew Fata.
14:14 of 2nd period - Shot Misses the Net.
14:16 of 2nd period - Slapshot by Drew Fata.
14:16 of 2nd period - Stopped by Pascal Leclaire without a rebound.
14:17 of 2nd period - John Tavares wins face-off versus Travis Zajac in Stars zone.
14:24 of 2nd period - Snap shot by Michael Frolik.
14:24 of 2nd period - Shot Misses the Net.
14:26 of 2nd period - Snap shot by Michael Frolik.
14:26 of 2nd period - Stopped by Tuukka Rask without a rebound.
14:27 of 2nd period - John Tavares wins face-off versus Patrick Kaleta in Blues zone.
15:20 of 2nd period - Snap shot by Michael Frolik.
15:20 of 2nd period - Shot Hit the Post.
15:22 of 2nd period - Wrist shot by Scott Hartnell.
15:22 of 2nd period - Shot Blocked by Bryce Lampman.
15:24 of 2nd period - Wrist shot by John Tavares.
15:24 of 2nd period - Shot Misses the Net.
15:32 of 2nd period - Snap shot by John Tavares.
15:32 of 2nd period - Goal by John Tavares - Stars : 4 - Blues : 2.
15:33 of 2nd period - Rickard Wallin wins face-off versus Nicklas Backstrom in neutral zone.
15:46 of 2nd period - Snap shot by Rickard Wallin.
15:46 of 2nd period - Stopped by Tuukka Rask with a rebound.
15:57 of 2nd period - Icing by Shaone Morrisonn.
15:58 of 2nd period - Drew Stafford wins face-off versus Brian Flynn in Stars zone.
16:05 of 2nd period - Slapshot by Alex Pietrangelo.
16:05 of 2nd period - Deflect By Tomas Plekanec.
16:05 of 2nd period - Shot Blocked by Shaone Morrisonn.
16:05 of 2nd period - Puck is out of play.
16:06 of 2nd period - Tomas Plekanec wins face-off versus John Tavares in Stars zone.
16:09 of 2nd period - Snap shot by Tomas Plekanec.
16:09 of 2nd period - Shot Misses the Net.
16:13 of 2nd period - Snap shot by Alex Pietrangelo.
16:13 of 2nd period - Shot Misses the Net.
16:15 of 2nd period - Slapshot by Bryce Lampman.
16:15 of 2nd period - Stopped by Pascal Leclaire with a rebound.
16:17 of 2nd period - Slapshot by Bryce Lampman.
16:17 of 2nd period - Shot Misses the Net.
16:19 of 2nd period - Slapshot by Tomas Plekanec.
16:19 of 2nd period - Shot Misses the Net.
16:21 of 2nd period - Snap shot by Tomas Plekanec.
16:21 of 2nd period - Stopped by Pascal Leclaire with a rebound.
17:14 of 2nd period - Slapshot by Drew Fata.
17:14 of 2nd period - Shot Misses the Net.
17:16 of 2nd period - Wrist shot by Patrick Kaleta.
17:16 of 2nd period - Shot Misses the Net.
17:18 of 2nd period - Snap shot by Logan Couture.
17:18 of 2nd period - Shot Blocked by Brian Flynn.
17:32 of 2nd period - Daniel Cleary is hit by Chris Higgins and loses puck.
17:46 of 2nd period - Shaone Morrisonn is hit by Bryce Lampman and loses puck.
17:57 of 2nd period - Snap shot by Radim Vrbata.
17:57 of 2nd period - Stopped by Tuukka Rask without a rebound.
17:58 of 2nd period - Ryan Getzlaf wins face-off versus Nicklas Backstrom in Blues zone.
17:59 of 2nd period - Wrist shot by Michael Frolik.
17:59 of 2nd period - Shot Blocked by Bryce Lampman.
18:07 of 2nd period - Snap shot by Michael Frolik.
18:07 of 2nd period - Stopped by Tuukka Rask without a rebound.
18:08 of 2nd period - Nicklas Backstrom wins face-off versus Ryan Getzlaf in Blues zone.
18:38 of 2nd period - Snap shot by Michael Frolik.
18:38 of 2nd period - Shot Blocked by Taylor Hall.
18:52 of 2nd period - Snap shot by Michael Frolik.
18:52 of 2nd period - Stopped by Tuukka Rask without a rebound.
18:53 of 2nd period - John Tavares wins face-off versus Travis Zajac in Blues zone.
19:48 of 2nd period - Snap shot by Dustin Penner.
19:48 of 2nd period - Deflect By Daniel Cleary.
19:48 of 2nd period - Shot Misses the Net.
19:48 of 2nd period - Puck is out of play.
19:49 of 2nd period - John Tavares wins face-off versus Nicklas Backstrom in Blues zone.
19:50 of 2nd period - Snap shot by Radim Vrbata.
19:50 of 2nd period - Stopped by Tuukka Rask with a rebound.
Goals for this period are 3 for Stars vs 1 for Blues.
Shots for this period are 18 for Stars vs 9 for Blues.
3rd period
0:01 of 3rd period - Nicklas Backstrom wins face-off versus Radim Vrbata in neutral zone.
0:03 of 3rd period - Off-side.
0:04 of 3rd period - Nicklas Backstrom wins face-off versus Scott Hartnell in neutral zone.
0:13 of 3rd period - Snap shot by Nicklas Backstrom.
0:13 of 3rd period - Stopped by Pascal Leclaire with a rebound.
0:15 of 3rd period - Slapshot by Bryce Lampman.
0:15 of 3rd period - Shot Hit the Post.
0:17 of 3rd period - Snap shot by Nicklas Backstrom.
0:17 of 3rd period - Shot Misses the Net.
0:19 of 3rd period - Snap shot by Nicklas Backstrom.
0:19 of 3rd period - Shot Misses the Net.
0:57 of 3rd period - Snap shot by Evgeny Artyukhin.
0:57 of 3rd period - Stopped by Tuukka Rask without a rebound.
0:58 of 3rd period - Logan Couture wins face-off versus Scott Hartnell in Blues zone.
1:52 of 3rd period - Slapshot by Nicklas Backstrom.
1:52 of 3rd period - Stopped by Pascal Leclaire without a rebound.
1:53 of 3rd period - Nicklas Backstrom wins face-off versus John Tavares in Stars zone.
1:54 of 3rd period - Wrist shot by Taylor Hall.
1:54 of 3rd period - Shot Misses the Net.
2:56 of 3rd period - Snap shot by Drew Stafford.
2:56 of 3rd period - Stopped by Pascal Leclaire without a rebound.
2:57 of 3rd period - Nicklas Backstrom wins face-off versus John Tavares in Stars zone.
3:13 of 3rd period - Snap shot by Taylor Hall.
3:13 of 3rd period - Stopped by Pascal Leclaire with a rebound.
3:22 of 3rd period - Minor Penalty to Sergei Shirokov for Roughing.
3:23 of 3rd period - Travis Zajac wins face-off versus John Tavares in Blues zone.
4:16 of 3rd period - Slapshot by Michael Frolik.
4:16 of 3rd period - Shot Misses the Net.
4:37 of 3rd period - Off-side.
4:38 of 3rd period - Ryan Getzlaf wins face-off versus Patrick Kaleta in neutral zone.
4:41 of 3rd period - Slapshot by Raphael Diaz.
4:41 of 3rd period - Shot Blocked by Patrick Kaleta.
4:43 of 3rd period - Wrist shot by Jussi Jokinen.
4:43 of 3rd period - Shot Misses the Net.
4:45 of 3rd period - Slapshot by Raphael Diaz.
4:45 of 3rd period - Stopped by Tuukka Rask with a rebound.
4:53 of 3rd period - Snap shot by Jussi Jokinen.
4:53 of 3rd period - Stopped by Tuukka Rask without a rebound.
4:54 of 3rd period - Travis Zajac wins face-off versus Ryan Getzlaf in Blues zone.
5:09 of 3rd period - Patrick Kaleta is hit by Jussi Jokinen and loses puck.
5:22 of 3rd period - Penalty to Sergei Shirokov is over, Sergei Shirokov is back on ice.
5:32 of 3rd period - Brian Lee is hit by Taylor Hall and loses puck.
5:58 of 3rd period - Slapshot by Travis Zajac.
5:58 of 3rd period - Stopped by Pascal Leclaire with a rebound.
6:18 of 3rd period - Bryce Lampman is hit by Radim Vrbata.
6:40 of 3rd period - Wrist shot by Patrick Kaleta.
6:40 of 3rd period - Goal by Patrick Kaleta - Stars : 4 - Blues : 3.
6:41 of 3rd period - Nicklas Backstrom wins face-off versus John Tavares in neutral zone.
6:56 of 3rd period - Slapshot by Taylor Hall.
6:56 of 3rd period - Shot Misses the Net.
6:58 of 3rd period - Wrist shot by Taylor Hall.
6:58 of 3rd period - Shot Misses the Net.
7:08 of 3rd period - John Tavares is hit by Logan Couture.
7:20 of 3rd period - Snap shot by Trevor Daley.
7:20 of 3rd period - Deflect By John Tavares.
7:20 of 3rd period - Shot Blocked by Patrick Kaleta.
7:20 of 3rd period - Puck is out of play.
7:21 of 3rd period - Ryan Getzlaf wins face-off versus Nicklas Backstrom in Blues zone.
7:48 of 3rd period - David Perron is hit by Evgeny Artyukhin and loses puck.
8:36 of 3rd period - Slapshot by Raphael Diaz.
8:36 of 3rd period - Stopped by Tuukka Rask without a rebound.
8:37 of 3rd period - Nicklas Backstrom wins face-off versus John Tavares in Blues zone.
9:19 of 3rd period - Slapshot by Bryce Lampman.
9:19 of 3rd period - Stopped by Pascal Leclaire without a rebound.
9:20 of 3rd period - Travis Zajac wins face-off versus Ryan Getzlaf in Stars zone.
9:53 of 3rd period - Snap shot by Matt Cooke.
9:53 of 3rd period - Shot Misses the Net.
10:13 of 3rd period - Drew Stafford is hit by Brian Flynn and loses puck.
10:59 of 3rd period - Snap shot by David Perron.
10:59 of 3rd period - Stopped by Pascal Leclaire with a rebound.
12:42 of 3rd period - Jake Gardiner is hit by Rickard Wallin and loses puck.
13:27 of 3rd period - Patrick Kaleta is hit by Jussi Jokinen.
13:44 of 3rd period - Snap shot by Chris Higgins.
13:44 of 3rd period - Stopped by Pascal Leclaire without a rebound.
13:45 of 3rd period - Nicklas Backstrom wins face-off versus Dustin Penner in Stars zone.
14:03 of 3rd period - Taylor Hall is hit by Dustin Penner and loses puck.
14:16 of 3rd period - Snap shot by Michael Frolik.
14:16 of 3rd period - Stopped by Tuukka Rask with a rebound.
14:34 of 3rd period - Minor Penalty to Yann Sauvé for Holding Stick.
14:35 of 3rd period - Travis Zajac wins face-off versus John Tavares in Blues zone.
15:55 of 3rd period - Ryan Getzlaf is hit by Alex Pietrangelo and loses puck.
16:34 of 3rd period - Penalty to Yann Sauvé is over, Yann Sauvé is back on ice.
16:41 of 3rd period - Snap shot by Nicklas Backstrom.
16:41 of 3rd period - Shot Blocked by Evgeny Artyukhin.
16:47 of 3rd period - Jake Gardiner is hit by Brian Lee and loses puck.
16:52 of 3rd period - Snap shot by Matt Cooke.
16:52 of 3rd period - Shot Misses the Net.
19:16 of 3rd period - Wrist shot by Evgeny Artyukhin.
19:16 of 3rd period - Shot Misses the Net.
19:20 of 3rd period - Slapshot by Evgeny Artyukhin.
19:20 of 3rd period - Goal by Evgeny Artyukhin - Stars : 5 - Blues : 3.
19:21 of 3rd period - Brian Flynn wins face-off versus Logan Couture in neutral zone.
19:46 of 3rd period - Taylor Hall is hit by Ryan Getzlaf and loses puck.
Goals for this period are 1 for Stars vs 1 for Blues.
Shots for this period are 6 for Stars vs 9 for Blues.
Back to the Top